 Dungeon Crawl Stone Soup version 0.26.1-11-gd32895ea62 (webtiles) character file.

Game seed: 2596021723573747308

25 infcreate the Grave Robber (level 2, -1/16 HPs)
             Began as a Vampire Necromancer on July 16, 2021.
             Slain by a jackal (3 damage)
             ... on level 1 of the Dungeon.
             The game lasted 00:03:30 (952 turns).

infcreate the Grave Robber (Vampire Necromancer)     Turns: 952, Time: 00:03:31

Health: -1/16      AC:  2    Str:  7    XL:     2   Next: 82%
Magic:  0/5        EV: 13    Int: 17    God:
Gold:   42         SH:  0    Dex: 14    Spells: 3/5 levels left

rFire    . . .     SeeInvis +   c - +0 dagger
rCold    + + .     Faith    .   (no shield)
rNeg     + + +     Spirit   .   a - +0 robe
rPois    ∞         Reflect  .   (no helmet)
rElec    .         Harm     .   (no cloak)
rCorr    .         Rampage  .   (no gloves)
Will     .....                  (no boots)
Stlth    ++++......             (no amulet)
HPRegen  0.00/turn              (no ring)
MPRegen  0.09/turn              (no ring)

@: bloodless
A: fangs 3, see invisible, unbreathing
a: Revivify


You were on level 1 of the Dungeon.
You visited 1 branch of the dungeon, and saw 1 of its levels.

You collected 42 gold pieces.


Innate Abilities, Weirdness & Mutations

You do not regenerate when monsters are visible.
You are frail without blood (-20% HP).
You can heal yourself when you bite living creatures.
You are immune to poison.
You have razor-sharp teeth.
You have supernaturally acute eyesight. (SInv)
You can survive without breathing.


   Skills:
 + Level 0.5 Fighting
 + Level 0.6 Short Blades
 * Level 2.6 Dodging
 * Level 3.6 Stealth
 + Level 2.1 Spellcasting
 * Level 4.6 Necromancy


You had 3 spell levels left.
You knew the following spells:

 Your Spells              Type           Power        Failure   Level
a - Animate Skeleton      Necr           34%          2%          1
p - Pain                  Necr           68%          2%          1

Your spell library contained the following spells:

 Spells                   Type           Power        Failure   Level
 Vampiric Draining        Necr           8%           9%          3
 Animate Dead             Necr           8%           28%         4
 Agony                    Necr           17%          61%         5

Inventory:

Hand Weapons
 c - a +0 dagger (weapon)
Armour
 a - a +0 robe (worn)
 d - a +0 pair of gloves
Scrolls
 e - a scroll of magic mapping {unknown}
Potions
 b - 2 potions of haste {unknown}
 f - a potion of curing {unknown}

Dungeon Overview and Level Annotations

Branches:
Dungeon (1/15)

Altars:

#.####...#..............
#.# ##................. #
#.#######.#.#.##.###>...
######
#.##.....#..#†##.###...#
.....#
#.##.####.#.#.##.##....#
####.#
#.#########.#.##.##.....
# #.#
####.....####.##.#.....#
#.#
##.......).##.##.#.##...
#.#
##.....#@†...##).....#.##
#.#
#.....###hg...#........#
#.# ##.....#
#.....##.....#.## #.#
#.....##
##.....#......... #.#
#..#..# #..#.(##.#######
#.# #[.#..# #..#..##.#
#.# #.....## ##.....##.#
#.# ##.....# #.....###.#
#.####.....###.....#.#.#


You could see a jackal and a hobgoblin.


Message History

The jackal bites you.
* * * LOW HITPOINT WARNING * * *
The jackal barely misses you.
There is a staircase leading out of the dungeon here.
Casting: Pain (safe; 3% risk of failure)
Confirm with . or Enter, or press ? or * to list all spells.
Aiming: Pain (safe; 3% risk of failure)
Press: ? - help, Shift-Dir - straight line, f - leopard gecko
Aim: a leopard gecko (chance to affect: 87%)
The leopard gecko writhes in agony.
The jackal bites you but does no damage.
The leopard gecko misses you. The jackal bites you.
* * * LOW HITPOINT WARNING * * *
The leopard gecko barely misses you.
Casting: Pain (safe; 3% risk of failure)
Confirm with . or Enter, or press ? or * to list all spells.
Aiming: Pain (safe; 3% risk of failure)
Press: ? - help, Shift-Dir - straight line, f/p - leopard gecko
Aim: a leopard gecko (almost dead, chance to affect: 87%)
The leopard gecko writhes in agony.
You kill the leopard gecko!
The jackal bites you but does no damage.
Unknown command.
Casting: Pain (safe; 2% risk of failure)
Confirm with . or Enter, or press ? or * to list all spells.
Aiming: Pain (safe; 2% risk of failure)
Press: ? - help, Shift-Dir - straight line, f - jackal
Aim: a jackal (chance to affect: 87%)
The jackal barely resists.
The jackal bites you.
You die...

Action                   || total
-------------------------++-------
Melee: Dagger            ||    18
       Bite              ||     3
 Cast: Pain              ||    36
 Abil: Exsanguinate      ||     1
 Stab: Sleeping          ||     2
Armor: Robe              ||    16
Dodge: Dodged            ||    38

Levels and vault maps discovered:
D:1:      minmay_arrival_loop, layout_loops_ring

Notes
Turn   | Place    | Note
-------+----------+-------------------------------------------
     0 | D:1      | infcreate the Vampire Necromancer began the quest for the
                  | Orb.
     0 | D:1      | Reached XP level 1. HP: 13/13 MP: 3/3
   466 | D:1      | Reached XP level 2. HP: 15/15 MP: 3/5
   468 | D:1      | Learned a level 1 spell: Animate Skeleton
   952 | D:1      | Slain by a jackal

Vanquished Creatures
  2 leopard geckos (D:1)
  2 bats (D:1)
  3 giant cockroaches (D:1)
  2 goblins (D:1)
  2 hobgoblins (D:1)
  2 jackals (D:1)
  A ball python (D:1)
  3 frilled lizards (D:1)
  2 kobolds (D:1)
  2 rats (D:1)
21 creatures vanquished.

Table legend: (Time is in decaauts)
 A = Elapsed time spent in this place.
 B = Non-inter-level travel time spent in this place.
 C = Inter-level travel time spent in this place.
 D = Time resting spent in this place.
 E = Time spent auto-exploring this place.
 F = Levels seen in this place.
 G = Mean time per level.
                   A        B        C        D        E       F      G
               +--------+--------+--------+--------+--------+-----+--------+
         Total |    951 |    930 |     21 |    420 |      0 |   1 |  951.0 |
       Dungeon |    951 |    930 |     21 |    420 |      0 |   1 |  951.0 |
               +--------+--------+--------+--------+--------+-----+--------+

Top non-repeatable levels by time:
     D:1: 951 daAuts

Table legend:
 A = Non-vault XP
 B = Vault XP
 C = Vault XP percentage of total XP
 D = Non-vault monster count
 E = Vault monster count
 F = Vault count percentage of total count
                 A         B        C        D         E       F
            +---------+---------+-------+---------+---------+-------
      Total |      36 |       0 |   0.0 |      21 |       0 |   0.0
            +---------+---------+-------+---------+---------+-------
        D:1 |      36 |       0 |   0.0 |      21 |       0 |   0.0
            +---------+---------+-------+---------+---------+-------
